 Dungeon Crawl Stone Soup version 0.31-a0-981-geadf994542 (console) character file.

Game seed: 8645575986769812568

420944 jejorda2 the Warrior (level 23, 0/294 HPs)
             Began as a Gnoll Berserker on Oct 31, 2023.
             Was a High Priest of Trog.
             Succumbed to an ogre mage's poison
             ... on level 5 of the Vaults on Nov 1, 2023.
             The game lasted 03:22:37 (57732 turns).

jejorda2 the Warrior (Gnoll Berserker)             Turns: 57732, Time: 03:22:37

Health: 0/294      AC: 41    Str: 26    XL:     23   Next: 36%
Magic:  10/38      EV: 13    Int: 11    God:    Trog [*****.]
Gold:   3653       SH: 20    Dex: 19    Spells: 53/53 levels left

rFire   + + +        a - +9 war axe {venom, rElec rC+ Str-4 Dex+3}
rCold   + + +        j - +0 tower shield {rC+}
rNeg    + . .        c - +9 scales of the Dragon King {rPois rF+ rC+ Will+}
rPois   +            Q - +1 hat of Madd {Fly rElec rF+}
rElec   +            p - +2 cloak {rPois}
rCorr   .            A - +2 pair of gloves {Dex+3}
SInv    .            S - +1 pair of boots "Vyuryhawn" {rF+ Slay+3}
Will    ++...        P - amulet of the acrobat Stlth
                     N - +6 ring of strength
HPRegen 0.69/turn    i - ring of positive energy
MPRegen 0.26/turn

%: acrobat
@: berserking, lethally poisoned (0 -> -6), marked, flying, studying Fighting,
very quick
A: fangs 1, strong nose, distributed training, clever 1, low MP 1
}: 3/15 runes: decaying, silver, gossamer
a: Renounce Religion, Berserk, Trog's Hand, Brothers in Arms


You were on level 5 of the Vaults.
You worshipped Trog.
Trog was extremely pleased with you.
You visited 7 branches of the dungeon, and saw 37 of its levels.
You visited the Abyss 1 time.
You also visited: Bailey, Gauntlet, Ice Cave and Wizlab.

You collected 5489 gold pieces.
You spent 1836 gold pieces at shops.

Inventory:

Hand Weapons
 a - the +9 war axe of Gohekhloug (weapon) {venom, rElec rC+ Str-4 Dex+3}
   (You found it on level 5 of the Lair of Beasts)

   Str-4:     It affects your strength (-4).
   Dex+3:     It affects your dexterity (+3).
   rC+:       It protects you from cold.
   rElec:     It insulates you from electricity.
 b - the +1 morningstar of Sin {speed, rPois rC+}
   (You bought it in a shop on level 13 of the Dungeon)

   rC+:       It protects you from cold.
   rPois:     It protects you from poison
 H - a +0 demon whip of venom
 J - the +11 dagger "Nifaebra" {heavy, +Blink rElec rC++ Dex-4}
   (Trog gifted it to you in an ice cave)

   Dex-4:     It affects your dexterity (-4).
   rC++:      It greatly protects you from cold.
   rElec:     It insulates you from electricity.
   +Blink:    It lets you blink.
Missiles
 k - 14 boomerangs (quivered)
 t - 27 poisoned darts
 E - 7 atropa-tipped darts
 F - 13 javelins
 O - 5 datura-tipped darts
Armour
 c - the +9 scales of the Dragon King (worn) {rPois rF+ rC+ Will+}
   (You found it in an ice cave)

   rF+:       It protects you from fire.
   rC+:       It protects you from cold.
   rPois:     It protects you from poison Will+: It increases your willpower.
 j - a +0 tower shield of cold resistance (worn)
 p - a +2 cloak of poison resistance (worn)
 A - a +2 pair of gloves of dexterity (worn)
 Q - the +1 hat of Madd (worn) {Fly rElec rF+}
   (You found it in an ice cave)

   rF+:       It protects you from fire.
   rElec:     It insulates you from electricity.
   Fly:       It grants you flight.
 S - the +1 pair of boots "Vyuryhawn" (worn) {rF+ Slay+3}
   (You found it in an ice cave)

   Slay+3:    It affects your accuracy & damage with ranged weapons and melee
   (+3).
   rF+:       It protects you from fire.
Jewellery
 i - a ring of positive energy (right hand)
 y - a ring of see invisible
 N - a +6 ring of strength (left hand)
 P - an amulet of the acrobat (around neck)
 U - the ring of Fallacy {rC++ rCorr}
   (You found it on level 1 of the Swamp)

   [ring of resist corrosion]

   rC++:      It greatly protects you from cold.
   rCorr:     It protects you from acid and corrosion.
Wands
 d - a wand of mindburst (19)
 l - a wand of flame (85)
 s - a wand of digging (7)
 u - a wand of charming (10)
 D - a wand of iceblast (35)
 L - a wand of quicksilver (16)
Scrolls
 f - 2 scrolls of revelation
 g - 3 scrolls of immolation
 h - 4 scrolls of poison
 m - 6 scrolls of fear
 q - 6 scrolls of silence
 z - a scroll of summoning
 C - 4 scrolls of blinking
 G - 7 scrolls of fog
 I - 9 scrolls of teleportation
Potions
 e - 9 potions of mutation
 n - 2 potions of ambrosia
 o - 4 potions of resistance
 v - 11 potions of curing
 x - 3 potions of invisibility
 B - 2 potions of might
 K - a potion of haste
 M - 4 potions of cancellation
 X - 2 potions of attraction
Miscellaneous
 r - a lightning rod (4/4)
 w - a condenser vane (inert)
 V - a phial of floods
 W - a sack of spiders


   Skills:
 + Level 20.0 Fighting
 + Level 15.9 Short Blades
 + Level 15.9 Long Blades
 + Level 17.0 Axes
 + Level 15.9 Maces & Flails
 + Level 15.9 Polearms
 + Level 15.9 Staves
 + Level 15.9 Ranged Weapons
 + Level 15.9 Throwing
 + Level 16.5 Armour
 + Level 16.5 Dodging
 + Level 15.9 Stealth
 + Level 15.9 Shields
 + Level 15.9 Unarmed Combat
 + Level 15.9 Spellcasting
 + Level 13.5 Conjurations
 + Level 13.5 Hexes
 + Level 13.5 Summonings
 + Level 13.5 Necromancy
 + Level 13.5 Translocations
 + Level 13.5 Transmutations
 + Level 13.5 Fire Magic
 + Level 13.5 Ice Magic
 + Level 13.5 Air Magic
 + Level 13.5 Earth Magic
 + Level 13.5 Poison Magic
 + Level 17.2 Invocations
 + Level 15.9 Evocations
 + Level 14.6 Shapeshifting


You had 53 spell levels left.
You didn't know any spells.
Your spell library was empty.

Dungeon Overview and Level Annotations

Branches:
Dungeon (15/15)            Temple (0/1) D:5            Lair (5/5) D:11
  Swamp (4/4) Lair:2       Spider (4/4) Lair:2        Slime (0/5) Lair:4
    Orc (2/2) D:10            Elf (2/3) Orc:2        Vaults (5/5) D:14
  Crypt (0/3) Vaults:2     Depths (0/4) D:15         Bailey (visited)
  IceCv (visited)          WizLab (visited)         Gauntlet (visited)

Altars:
Elyvilon
Fedhas
Kikubaaqudgha
Uskayaw
Vehumet
Xom
Yredelemnul
Zin
Jiyva
Lugonu

Shops:
D:2 *:   D:4 !   D:13 (   D:15 ?   Orc:2 :*(?   Elf:1 *   Elf:2 *

Portals:
Abyss: Lair:5
Trove: Vaults:4 (give +3 shadow dragon scales)


Innate Abilities, Weirdness & Mutations

You have very sharp teeth.
Your uncanny sense of smell can sniff out nearby items.
Your experience applies equally to all skills.
Your mind is acute. (Int +4, Str/Dex -1)
Your magical capacity is low. (-10% MP)


Message History

The orc knight is moderately wounded.
You slice the vault guard!!
The vault guard looks as sick as possible!
You closely miss the orc. You slash the vault guard!
The vault guard looks as sick as possible!
You slice the troll simulacrum!!
You feel the power of Trog in you as your rage grows.
The troll simulacrum vaporises!
You feel sick. You block the vault guard's attack.
The vault guard hits you with a +0 battleaxe!
* * * LOW HITPOINT WARNING * * *
Something hits you but does no damage.
Unknown command.
You slice the orc knight!!
The orc knight looks as sick as possible!
The orc knight is severely wounded.
You slash the vault guard!
You kill the vault guard!
Trog accepts your kill.
You slash the orc!
You kill the orc!
Trog accepts your kill.
You slash the vault guard!
A freezing mist starts to gather... x2
An orc simulacrum and a vault guard simulacrum come into view.
* * * LOW HITPOINT WARNING * * *
You feel sick.
The orc knight hits you but does no damage.
Unknown command.
Unknown command.
You slice the orc knight!!
You feel the power of Trog in you as your rage grows.
You kill the orc knight!
Trog accepts your kill.
You slice the titan simulacrum!! You slash the orc simulacrum!
The orc simulacrum vaporises!
You slice the vault guard!!
The vault guard looks as sick as possible!
A freezing mist starts to gather...
An orc knight simulacrum comes into view.
You die...

********#########################
,,,,,,,,.........................
,,,,,,,,.)........§..............
*******,,,.....##################
,,,,,,,,,,,,p....Z...............
,,,,,,,,*,,Z,#())................
,,,,,,,,*,,,,#.Z#################
****,,,,*,,,,#))@................
,,,*,,,,*,,,,#Z☼)p).........†....
,,,*,,,,*,,,,#..#))############..
*,,*,,,,*,,,,#..#.Z..............
*,,*,,,,*,,,,#.p#................
*,,*,,,,*,,,,#..#..#..#########..
*,,*,,,,*,,,,#..#..#..#.)[.))!#..
*,,*,,,,*,,,,#p.#..#..#))%.[|!'..
*,,*,,,,*,,,,*,,#..#..#.?....!#..


You could see a vault warden, 3 vault guards, an orc knight simulacrum, a titan
simulacrum and a vault guard simulacrum.

Vanquished Creatures
  A dread lich (Vaults:5)
  A royal mummy (WizLab)
  Bai Suzhen (Vaults:3)
  Frederick (Vaults:5)
  Margery (Vaults:5)
  Arachne (Spider:4)
  2 tentacled monstrosities (Vaults:5)
  2 liches
  3 titans (Vaults:5)
  4 sphinxes
  A tentacled starspawn (Abyss:2)
  A thorn hunter (Swamp:4)
  A shadow dragon (Vaults:5)
  Kirke (Spider:4)
  Frances (D:14)
  6 tengu reavers
  Aizul (Swamp:4)
  4 storm dragons (Vaults:5)
  2 fire giants
  3 deep elf sorcerers
  A fire giant (shapeshifter) (Vaults:5)
  6 ghost moths
  A frost giant (Vaults:5)
  Louise (Swamp:3)
  A balrug (Abyss:2)
  5 emperor scorpions
  A frost giant (shapeshifter) (D:15)
  6 vault wardens
  A juggernaut zombie (WizLab)
  5 orc warlords
  2 caustic shrike zombies (WizLab)
  18 ironbound preservers
  4 ghouls
  6 war gargoyles
  3 formless jellyfish
  4 stone giants (Vaults:5)
  A broodmother (shapeshifter) (D:11)
  2 broodmothers
  A very ugly thing (Vaults:5)
  4 ironbound thunderhulks
  A deep elf demonologist (Vaults:5)
  Nessos (D:15)
  6 eleionomae
  3 deep elf annihilators
  A minotaur (Gauntlet)
  19 dire elephants
  3 bunyips
  A lorocyproca (Abyss:2)
  Snorg (Orc:1)
  A spark wasp (Spider:4)
  4 ettins
  A crystal guardian (Vaults:2)
  A jiangshi (Vaults:2)
  2 entropy weavers
  12 yaktaur captains
  10 great orbs of eyes
  An ice dragon (shapeshifter) (Lair:5)
  2 shambling mangroves
  A deep elf high priest (Vaults:5)
  3 peacekeepers
  24 vault guards
  2 catoblepae (D:13)
  A jorogumo (shapeshifter) (D:11)
  26 hydras
  8 ironbound frosthearts
  7 radroaches
  A spriggan air mage (Swamp:4)
  11 alligators
  7 ghost crabs
  A spriggan skeleton (Abyss:2)
  4 ogre magi
  26 centaur warriors
  10 two-headed ogres
  A merfolk aquamancer (D:13)
  23 dancing weapons
  8 boulder beetles
  2 tengu warriors (D:12)
  6 death yaks
  14 demonic crawlers
  A shock serpent (shapeshifter) (Vaults:5)
  2 orc high priests
  4 thrashing horrors (Lair:5)
  A spriggan berserker (Swamp:3)
  2 sun moths
  4 skeletal warriors (D:12)
  2 sun demons (Abyss:2)
  4 pharaoh ants
  9 deep elf knights
  A shadow wraith (Vaults:2)
  3 wretched stars (Abyss:2)
  5 goliath frogs
  A golden dragon zombie (WizLab)
  6 orb spiders
  7 spriggan druids
  22 deep trolls
  2 death drakes
  A flayed ghost (Vaults:5)
  3 phantasmal warriors
  5 deep elf archers
  An orange crystal statue (Gauntlet)
  21 deep elf pyromancers
  10 swamp dragons
  6 bog bodies
  20 deep elf zephyrmancers
  A tengu zombie (WizLab)
  Pikel (D:6)
  3 steelbarb worms
  11 lindwurms
  14 ironbound convokers
  10 wolf spider zombies (Spider:1)
  5 arcanists
  4 necromancers
  5 manticores
  16 orc knights
  24 ugly things
  16 wolf spiders
  8 orc sorcerers
  A fire giant zombie (Vaults:2)
  8 cyclopes
  A stone giant zombie (WizLab)
  5 will-o-the-wisps
  4 moths of wrath
  A salamander (D:15)
  3 worldbinders
  2 salamanders (shapeshifter)
  A demonspawn zombie (WizLab)
  An elephant (Gauntlet)
  3 apocalypse crabs (Swamp:1)
  An elephant (shapeshifter) (Vaults:5)
  An ice statue (IceCv)
  2 smoke demons (Lair:5)
  6 black mambas
  18 vault sentinels
  A gargoyle (D:12)
  7 torpor snails
  3 water nymphs (D:13)
  20 cane toads
  4 rime drakes
  Psyche (D:12)
  6 redback zombies (Spider:1)
  3 unseen horrors
  A kobold demonologist (D:14)
  An efreet (D:14)
  3 freezing wraiths
  22 yaktaurs
  A yaktaur (shapeshifter) (D:12)
  A tengu conjurer (D:12)
  A komodo dragon (shapeshifter) (Lair:5)
  A guardian mummy (WizLab)
  An ancient zyme (Abyss:2)
  An elf skeleton (Vaults:4)
  5 tyrant leeches
  13 komodo dragons
  16 trolls
  A tengu simulacrum (Vaults:2)
  A bloated husk (Swamp:1)
  39 tarantellas
  13 polar bears
  10 meliai
  17 hornets
  A tarantella (shapeshifter) (Vaults:5)
  4 tarantella zombies (Spider:1)
  A raiju (shapeshifter) (Elf:1)
  A snapping turtle (shapeshifter) (Vaults:5)
  A tyrant leech (shapeshifter) (Vaults:5)
  24 blink frogs
  5 raiju
  6 saltlings (Orc:2)
  A dream sheep (shapeshifter) (Vaults:1)
  17 dream sheep
  An ettin zombie (Vaults:2)
  2 spriggan zombies (WizLab)
  7 culicivora zombies (Spider:1)
  A large abomination (Abyss:2)
  25 culicivoras
  73 yaks
  A yak (shapeshifter) (Elf:2)
  A centaur simulacrum (D:11)
  12 spriggans
  3 shadows
  2 water elementals
  3 wraiths
  19 slime creatures
  2 spriggans (shapeshifter)
  A vampire (D:12)
  2 air elementals (Elf:1)
  3 hogs (Spider:4)
  36 jumping spiders
  2 wyverns
  A ynoxinul (Lair:5)
  69 redbacks
  3 basilisks
  2 chaos spawn (Lair:5)
  A golden eye (Abyss:2)
  A warg (Orc:2)
  A steam dragon (Lair:1)
  A neqoxec (Abyss:2)
  16 vampire mosquitoes
  15 swamp worms
  A harpy simulacrum (D:13)
  A hell hound (Swamp:2)
  7 water moccasins
  4 acid dragons
  10 swamp drakes
  29 orc warriors
  An ice beast (D:7)
  16 small abominations
  An ettin simulacrum (Abyss:2)
  3 boggarts (Gauntlet)
  7 ogres
  4 black bears
  3 starcursed masses (Abyss:2)
  44 wolves
  15 centaurs
  A phantom (D:5)
  A kobold brigand (D:8)
  3 scorpions
  14 bullfrogs
  3 necrophages
  2 human skeletons (Vaults:4)
  3 earth elementals (Elf:1)
  A cane toad simulacrum (Lair:5)
  9 wights
  12 killer bees
  An elephant simulacrum (Lair:5)
  8 howler monkeys
  3 vampire bats (D:4)
  3 electric eels
  A crimson imp (Abyss:2)
  A human simulacrum (Vaults:1)
  5 hounds (D:6)
  Crazy Yiuf (D:2)
  10 orc priests
  6 iguanas
  Ijyb (D:4)
  Natasha (thrice) (D:4)
  18 orc wizards
  5 hell rats (Lair:2)
  A wolf simulacrum (Lair:5)
  Robin (D:4)
  8 gnolls
  6 adders
  A shadow imp (D:5)
  2 white imps
  3 worms
  2 dart slugs
  77 orcs
  2 bat skeletons (D:4)
  4 bat zombies (D:4)
  7 endoplasms
  3 giant cockroaches
  12 hobgoblins
  11 jackals
  4 quokkas
  8 ball pythons
  4 bats
  4 frilled lizards
  12 goblins
  8 kobolds
  6 rats
1693 creatures vanquished.

Vanquished Creatures (collateral kills)
  A titan (Vaults:5)
  A caustic shrike zombie (WizLab)
  A war gargoyle (Vaults:5)
  A deep elf death mage (Vaults:5)
  3 mummy priests (WizLab)
  A vault guard (Vaults:5)
  2 dancing weapons (Elf:2)
  An orc knight (Bailey)
  A fire giant zombie (WizLab)
  A slime creature (D:15)
  A gargoyle (D:11)
  A demonspawn zombie (WizLab)
  A guardian mummy (WizLab)
  A troll (D:11)
  An ettin zombie (WizLab)
  A wraith (D:11)
  An orc warrior (Bailey)
  2 orcs
22 creatures vanquished.

Vanquished Creatures (others)
  A ghost moth (Spider:4)
  A deep elf high priest (Vaults:5)
  An alligator (Swamp:3)
  A hell knight (Vaults:5)
  A deep elf knight (Elf:2)
  A spriggan druid (Swamp:1)
  2 deep elf zephyrmancers (Elf:1)
  A bloated husk (Swamp:4)
  A tyrant leech (Swamp:3)
  A dream sheep (Lair:4)
  2 humans (Spider:4)
  2 swamp worms (Swamp:3)
  A swamp drake (Swamp:4)
  A small abomination (Abyss:2)
  20 foxfires
  5 starspawn tentacles (Abyss:2)
42 creatures vanquished.

Grand Total: 1757 creatures vanquished

Notes
Turn   | Place    | Note
-------+----------+-------------------------------------------
     0 | D:1      | jejorda2 the Gnoll Berserker began the quest for the Orb.
     0 | D:1      | Reached XP level 1. HP: 23/23 MP: 1/1
    77 | D:1      | Reached XP level 2. HP: 29/29 MP: 2/2
   379 | D:1      | Reached XP level 3. HP: 35/35 MP: 3/3
   851 | D:2      | Reached skill level 1 in Invocations
   862 | D:2      | Reached ** piety under Trog
   921 | D:2      | Found a runed translucent door.
   922 | D:2      | Noticed Crazy Yiuf
  1196 | D:2      | Found Lixkum's Book Shop.
  1206 | D:2      | Reached skill level 1 in Short Blades
  1206 | D:2      | Reached skill level 1 in Long Blades
  1206 | D:2      | Reached skill level 1 in Maces & Flails
  1206 | D:2      | Reached skill level 1 in Polearms
  1206 | D:2      | Reached skill level 1 in Staves
  1206 | D:2      | Reached skill level 1 in Ranged Weapons
  1206 | D:2      | Reached skill level 1 in Throwing
  1206 | D:2      | Reached skill level 1 in Stealth
  1206 | D:2      | Reached skill level 1 in Shields
  1206 | D:2      | Reached skill level 1 in Unarmed Combat
  1206 | D:2      | Reached skill level 1 in Spellcasting
  1206 | D:2      | Reached skill level 1 in Evocations
  1260 | D:2      | Found Muqou's Assorted Antiques.
  1263 | D:2      | Noticed a scorpion
  1273 | D:2      | Killed a scorpion
  1274 | D:2      | Reached skill level 1 in Conjurations
  1274 | D:2      | Reached skill level 1 in Hexes
  1274 | D:2      | Reached skill level 1 in Summonings
  1274 | D:2      | Reached skill level 1 in Necromancy
  1274 | D:2      | Reached skill level 1 in Translocations
  1274 | D:2      | Reached skill level 1 in Transmutations
  1274 | D:2      | Reached skill level 1 in Fire Magic
  1274 | D:2      | Reached skill level 1 in Ice Magic
  1274 | D:2      | Reached skill level 1 in Air Magic
  1274 | D:2      | Reached skill level 1 in Earth Magic
  1274 | D:2      | Reached skill level 1 in Poison Magic
  1274 | D:2      | Reached skill level 1 in Shapeshifting
  1274 | D:2      | Reached XP level 4. HP: 41/41 MP: 5/5
  1416 | D:2      | Reached XP level 5. HP: 47/47 MP: 6/6
  1660 | D:2      | Found a faded altar of an unknown god.
  1735 | D:2      | Found the +1 Delatra's gloves {ID++}
  1999 | D:2      | Killed Crazy Yiuf
  2109 | D:2      | Bought a transparent trident for 144 gold pieces
  2109 | D:2      | Identified the +3 trident of Devotion {heavy, rElec rF+
                  | Dex+4} (You bought it in a shop on level 2 of the Dungeon)
  2163 | D:2      | Bought a murky coppery potion for 15 gold pieces
  2300 | D:3      | Identified the +4 ring mail of Indemnity {Will+ Slay+2}
  2682 | D:3      | Reached XP level 6. HP: 52/52 MP: 8/8
  2882 | D:4      | Reached skill level 5 in Armour
  2882 | D:4      | Reached skill level 5 in Dodging
  2910 | D:4      | Found Nuroc's Distillery.
  2917 | D:4      | Noticed Natasha
  2924 | D:4      | Killed Natasha
  2956 | D:4      | Bought a potion of curing for 33 gold pieces
  3101 | D:4      | Found an ancient bone altar of Kikubaaqudgha.
  3110 | D:4      | Reached skill level 7 in Fighting
  3110 | D:4      | Reached XP level 7. HP: 59/60 MP: 10/10
  3208 | D:4      | Noticed Robin
  3217 | D:4      | Reached *** piety under Trog
  3321 | D:4      | Noticed Ijyb
  3344 | D:4      | Killed Ijyb
  3363 | D:4      | Killed Robin
  3678 | D:4      | Noticed Natasha
  3688 | D:4      | Killed Natasha
  3982 | D:4      | Found an ancient bone altar of Kikubaaqudgha.
  4100 | D:4      | Found Nuroc's Distillery.
  4270 | D:4      | Noticed Natasha
  4277 | D:4      | Killed Natasha
  4469 | D:5      | Entered Level 5 of the Dungeon
  4562 | D:5      | Found a staircase to the Ecumenical Temple.
  4641 | D:5      | Identified the ring "Fem Huong" {*Slow rC+ MP+9 Int+6}
  4901 | D:5      | Reached XP level 8. HP: 59/67 MP: 12/12
  4935 | D:5      | Found a blossoming altar of Fedhas.
  6116 | D:6      | Noticed Pikel
  6128 | D:6      | Killed Pikel
  6129 | D:6      | Reached XP level 9. HP: 74/74 MP: 13/15
  6432 | D:7      | Reached skill level 8 in Fighting
  6466 | D:7      | Noticed a komodo dragon
  6473 | D:7      | Killed a komodo dragon
  6474 | D:7      | Reached skill level 5 in Invocations
  6712 | D:7      | Noticed a hornet
  6716 | D:7      | Paralysed by a hornet for 1 turns
  6728 | D:7      | Killed a hornet
  6855 | D:7      | Found a shimmering altar of Xom.
  7043 | D:8      | Reached **** piety under Trog
  7044 | D:8      | Reached XP level 10. HP: 80/80 MP: 17/17
  7090 | D:8      | Reached skill level 5 in Short Blades
  7090 | D:8      | Reached skill level 5 in Long Blades
  7090 | D:8      | Reached skill level 5 in Maces & Flails
  7090 | D:8      | Reached skill level 5 in Polearms
  7090 | D:8      | Reached skill level 5 in Staves
  7090 | D:8      | Reached skill level 5 in Ranged Weapons
  7090 | D:8      | Reached skill level 5 in Throwing
  7090 | D:8      | Reached skill level 5 in Stealth
  7090 | D:8      | Reached skill level 5 in Shields
  7090 | D:8      | Reached skill level 5 in Unarmed Combat
  7090 | D:8      | Reached skill level 5 in Spellcasting
  7090 | D:8      | Reached skill level 5 in Evocations
  7258 | D:8      | Found a flagged portal.
  7267 | Bailey   | Entered a bailey
  7848 | Bailey   | Identified the +0 morningstar "Juniag" {freeze, rPois rF+
                  | rN+ Int+2}
  7852 | Bailey   | Noticed an orc knight
  7857 | Bailey   | Killed an orc knight
  7858 | Bailey   | Reached skill level 5 in Shapeshifting
  8314 | D:8      | Identified the +0 leather armour "Byara" {Str+4}
  8998 | D:9      | Noticed a two-headed ogre
  9009 | D:9      | Killed a two-headed ogre
  9273 | D:9      | Reached XP level 11. HP: 66/87 MP: 19/19
  9366 | D:9      | Reached skill level 9 in Fighting
  9431 | D:9      | Noticed a two-headed ogre
  9440 | D:9      | Reached skill level 5 in Conjurations
  9440 | D:9      | Reached skill level 5 in Hexes
  9440 | D:9      | Reached skill level 5 in Summonings
  9440 | D:9      | Reached skill level 5 in Necromancy
  9440 | D:9      | Reached skill level 5 in Translocations
  9440 | D:9      | Reached skill level 5 in Transmutations
  9440 | D:9      | Reached skill level 5 in Fire Magic
  9440 | D:9      | Reached skill level 5 in Ice Magic
  9440 | D:9      | Reached skill level 5 in Air Magic
  9440 | D:9      | Reached skill level 5 in Earth Magic
  9440 | D:9      | Reached skill level 5 in Poison Magic
  9446 | D:9      | Killed a two-headed ogre
  9537 | D:9      | Noticed a wolf spider
  9545 | D:9      | Killed a wolf spider
 10206 | D:10     | Entered Level 10 of the Dungeon
 10206 | D:10     | Noticed a manticore
 10214 | D:10     | Killed a manticore
 10469 | D:10     | Found a basalt altar of Yredelemnul.
 10725 | D:10     | Found a staircase to the Orcish Mines.
 11117 | D:10     | Found a white marble altar of Elyvilon.
 11119 | D:10     | Found a glowing silver altar of Zin.
 11121 | D:10     | Found a radiant altar of Vehumet.
 11335 | D:11     | Noticed a two-headed ogre
 11344 | D:11     | Killed a two-headed ogre
 11345 | D:11     | Noticed a seven-headed hydra
 11348 | D:11     | Reached XP level 12. HP: 96/96 MP: 22/22
 11529 | D:11     | Killed a seven-headed hydra
 11639 | D:11     | Noticed a centaur warrior
 11652 | D:11     | Reached ***** piety under Trog
 11655 | D:11     | Killed a centaur warrior
 11661 | D:11     | Noticed a fire giant
 11776 | D:11     | Killed a fire giant
 11922 | D:11     | Found a staircase to the Lair.
 11963 | D:11     | Reached skill level 10 in Fighting
 11963 | D:11     | Reached skill level 10 in Axes
 11979 | D:11     | Noticed a broodmother
 12478 | D:11     | Noticed a bunyip
 12594 | D:11     | Noticed a jorogumo
 12607 | D:11     | Killed a jorogumo
 12860 | D:11     | Noticed a broodmother
 12877 | D:11     | Killed a broodmother
 13401 | D:11     | Noticed a two-headed ogre
 13410 | D:11     | Killed a two-headed ogre
 13682 | D:12     | Reached XP level 13. HP: 104/104 MP: 23/25
 14420 | Lair:1   | Entered Level 1 of the Lair of Beasts
 15655 | Lair:2   | Found a hole to the Spider Nest.
 16105 | Lair:2   | Found a staircase to the Swamp.
 16264 | Lair:2   | Reached skill level 11 in Fighting
 16264 | Lair:2   | Reached skill level 10 in Armour
 16264 | Lair:2   | Reached skill level 10 in Dodging
 16973 | Lair:3   | Reached XP level 14. HP: 113/113 MP: 25/27
 17212 | Lair:3   | Reached skill level 10 in Invocations
 17964 | Lair:4   | Found a staircase to the Slime Pits.
 17971 | Lair:4   | Found a viscous altar of Jiyva.
 18603 | Lair:4   | Received a gift from Trog
 19436 | Lair:5   | Identified the "Nofan"
 19436 | Lair:5   | Entered Level 5 of the Lair of Beasts
 19444 | Lair:5   | Found a frozen archway.
 19554 | IceCv    | Entered an ice cave
 19763 | IceCv    | Found the +9 scales of the Dragon King {rPois rF+ rC+
                  | Will+}
 20438 | IceCv    | Identified the +11 dagger "Nifaebra" {heavy, +Blink rElec
                  | rC++ Dex-4} (Trog gifted it to you in an ice cave)
 20438 | IceCv    | Received a gift from Trog
 20508 | IceCv    | Identified the +1 ring mail of Faurale {Harm Dex+3}
 20514 | IceCv    | Identified the +1 hat of Madd {Fly rElec rF+}
 20540 | IceCv    | Identified the +1 pair of boots "Vyuryhawn" {rF+ Slay+3}
 20684 | IceCv    | Reached XP level 15. HP: 120/120 MP: 28/28
 20940 | Lair:5   | Reached skill level 10 in Short Blades
 20940 | Lair:5   | Reached skill level 10 in Long Blades
 20940 | Lair:5   | Reached skill level 10 in Maces & Flails
 20940 | Lair:5   | Reached skill level 10 in Polearms
 20940 | Lair:5   | Reached skill level 10 in Staves
 20940 | Lair:5   | Reached skill level 10 in Ranged Weapons
 20940 | Lair:5   | Reached skill level 10 in Throwing
 20940 | Lair:5   | Reached skill level 10 in Stealth
 20940 | Lair:5   | Reached skill level 10 in Shields
 20940 | Lair:5   | Reached skill level 10 in Unarmed Combat
 20940 | Lair:5   | Reached skill level 10 in Spellcasting
 20940 | Lair:5   | Reached skill level 10 in Evocations
 21927 | Lair:5   | Reached skill level 12 in Fighting
 22427 | Lair:5   | Found a corrupted altar of Lugonu.
 22427 | Lair:5   | Found a one-way gate to the infinite horrors of the Abyss.
 22509 | Lair:5   | Identified the +9 war axe of Gohekhloug {venom, rElec rC+
                  | Str-4 Dex+3}
 23618 | D:12     | Identified the +8 mace of a Thousand Moons {drain, rF+
                  | Str+3 Dex+4}
 24004 | D:13     | Found a gate leading to a gauntlet.
 24016 | Gauntlet | Entered a Gauntlet
 24016 | Gauntlet | Found a transporter.
 24023 | Gauntlet | Found a transporter.
 24027 | Gauntlet | Found a transporter.
 24035 | Gauntlet | Found a transporter.
 24039 | Gauntlet | Found a transporter.
 24043 | Gauntlet | Found a runed translucent door.
 24044 | Gauntlet | Found a runed translucent door.
 24047 | Gauntlet | Found a transporter.
 24051 | Gauntlet | Found a transporter.
 24059 | Gauntlet | Found a transporter.
 24063 | Gauntlet | Found a transporter.
 24071 | Gauntlet | Found a transporter.
 24102 | Gauntlet | Found a transporter.
 24114 | Gauntlet | Found a transporter.
 24127 | Gauntlet | Found a transporter.
 24140 | Gauntlet | Found a transporter.
 24237 | Gauntlet | Identified the +6 leather armour of the Lily {Str+4}
 24314 | Gauntlet | Identified the +3 war axe of Breach {freeze, *Corrode rC+
                  | Will+ Int+2}
 24965 | D:13     | Reached XP level 16. HP: 121/129 MP: 30/30
 25148 | D:13     | Found Oggierah's Weapon Emporium.
 25156 | D:13     | Bought 5 poisoned darts for 39 gold pieces
 25303 | D:12     | Identified the +3 robe of the Guardian {rF- Str+3 Archmagi}
 25561 | D:12     | Noticed Psyche
 25574 | D:12     | Killed Psyche
 26042 | D:13     | Bought the +1 morningstar of Sin {speed, rPois rC+} for 457
                  | gold pieces
 26113 | D:14     | Reached skill level 10 in Shapeshifting
 26267 | D:14     | Noticed Frances
 26285 | D:14     | Killed Frances
 26759 | D:14     | Found a gate to the Vaults.
 27157 | D:15     | Entered Level 15 of the Dungeon
 27765 | D:15     | Found a staircase to the Depths.
 27798 | D:15     | Found Nont's Magic Scroll Shop.
 27891 | D:15     | Found a hide-covered altar of Uskayaw.
 28227 | D:15     | Noticed Nessos
 28235 | D:15     | Killed Nessos
 28659 | Orc:1    | Entered Level 1 of the Orcish Mines
 28710 | Orc:1    | Reached skill level 13 in Fighting
 29321 | Orc:2    | Entered Level 2 of the Orcish Mines
 29356 | Orc:1    | Noticed Snorg
 29364 | Orc:1    | Killed Snorg
 29943 | Orc:2    | Found Fonudone's Magic Scroll Shoppe.
 29951 | Orc:2    | Found Gopsyhidege's Armour Shoppe.
 29961 | Orc:2    | Reached XP level 17. HP: 125/134 MP: 32/32
 30129 | Orc:2    | Found Uvodoub's Antique Weapon Shoppe.
 30219 | Orc:2    | Received a gift from Trog
 30312 | Orc:2    | Found Azaacih's Self-Improvement Boutique.
 30327 | Orc:2    | Found a staircase to the Elven Halls.
 30526 | Orc:2    | Found Conwacar's General Store.
 30745 | Orc:2    | Bought a manual of Fighting for 1120 gold pieces
 31417 | Spider:1 | Entered Level 1 of the Spider Nest
 32193 | Spider:2 | Reached skill level 10 in Conjurations
 32193 | Spider:2 | Reached skill level 10 in Hexes
 32193 | Spider:2 | Reached skill level 10 in Summonings
 32193 | Spider:2 | Reached skill level 10 in Necromancy
 32193 | Spider:2 | Reached skill level 10 in Translocations
 32193 | Spider:2 | Reached skill level 10 in Transmutations
 32193 | Spider:2 | Reached skill level 10 in Fire Magic
 32193 | Spider:2 | Reached skill level 10 in Ice Magic
 32193 | Spider:2 | Reached skill level 10 in Air Magic
 32193 | Spider:2 | Reached skill level 10 in Earth Magic
 32193 | Spider:2 | Reached skill level 10 in Poison Magic
 32498 | Spider:2 | Received a gift from Trog
 32691 | Spider:2 | Identified a scroll of acquirement
 32691 | Spider:2 | Acquired the +3 greatsling "Punk" {acid, rCorr}
 32691 | Spider:2 | Found the +3 greatsling "Punk" {acid, rCorr}
 33060 | Spider:2 | Gained mutation: You occasionally lose the ability to read
                  | scrolls when taking damage. [mutagenic glow]
 33069 | Spider:2 | Gained mutation: Your flesh is heat resistant. (rF+)
                  | [mutagenic glow]
 33084 | Spider:2 | Lost mutation: Your flesh is heat resistant. (rF+) [potion
                  | of mutation]
 33084 | Spider:2 | Lost mutation: You occasionally lose the ability to read
                  | scrolls when taking damage. [potion of mutation]
 33084 | Spider:2 | Gained mutation: Your magical capacity is low. (-10% MP)
                  | [potion of mutation]
 33084 | Spider:2 | Gained mutation: Your mind is acute. (Int +4, Str/Dex -1)
                  | [potion of mutation]
 33482 | Spider:2 | Reached skill level 14 in Fighting
 35268 | Spider:3 | Reached XP level 18. HP: 105/147 MP: 0/30
 35273 | Spider:3 | Reached ****** piety under Trog
 36348 | Spider:4 | Entered Level 4 of the Spider Nest
 37375 | Spider:4 | Received a gift from Trog
 37839 | Spider:4 | Identified the +4 ring mail of Eternal Vigilance {rElec rC-
                  | rCorr Str+4}
 37863 | Spider:4 | Noticed Kirke
 37871 | Spider:4 | Killed Kirke
 37872 | Spider:4 | Reached skill level 15 in Fighting
 38204 | Spider:4 | Noticed Arachne
 38227 | Spider:4 | Received a gift from Trog
 38239 | Spider:4 | HP: 3/149 [ghost moth (7)]
 38245 | Spider:4 | Killed Arachne
 38629 | Spider:4 | Got a gossamer rune of Zot
 38789 | Swamp:1  | Entered Level 1 of the Swamp
 39760 | Swamp:1  | Reached XP level 19. HP: 155/155 MP: 32/32
 39911 | Swamp:1  | Found a runed translucent door.
 40156 | Swamp:1  | Identified the ring of Fallacy {rC++ rCorr}
 40366 | Swamp:2  | Received a gift from Trog
 41345 | Swamp:3  | Reached skill level 16 in Fighting
 42040 | Swamp:3  | Noticed Louise
 42055 | Swamp:3  | Killed Louise
 42205 | Swamp:4  | Entered Level 4 of the Swamp
 42329 | Swamp:4  | Identified the serpent talisman of a volcano {rF+ Int+2}
 42329 | Swamp:4  | Noticed Aizul
 42353 | Swamp:4  | Killed Aizul
 43443 | Swamp:4  | Reached skill level 15 in Axes
 43616 | Swamp:4  | Got a decaying rune of Zot
 44138 | Vaults:1 | Entered Level 1 of the Vaults
 44156 | Vaults:1 | Received a gift from Trog
 44335 | Vaults:5 | Identified the "Cicsir"
 44335 | Depths:1 | Identified the of Tiycw
 44335 | Depths:2 | Identified the of Wenkoy
 44335 | Depths:2 | Identified the "Ofoov"
 44335 | Depths:3 | Identified the of Hehiy
 44335 | Elf:1    | Entered Level 1 of the Elven Halls
 44462 | Elf:1    | Found Ocony's Assorted Antiques.
 44470 | Elf:1    | Bought a green potion for 28 gold pieces
 44480 | Elf:1    | Identified the +0 ring mail of the Eggfruit {-Tele Str+7}
 44527 | Elf:1    | Reached XP level 20. HP: 165/166 MP: 33/33
 45190 | Elf:1    | Paralysed by an orc sorcerer for 4 turns
 45310 | Elf:1    | Paralysed by an air elemental for 1 turns
 45315 | Elf:1    | Paralysed by an air elemental for 1 turns
 45953 | Elf:2    | Found Onujinaj's General Store.
 45964 | Elf:2    | Reached skill level 15 in Invocations
 46003 | Elf:2    | Found a magical portal.
 46008 | WizLab   | Entered Doroklohe's Tomb
 46175 | WizLab   | Noticed a royal mummy
 46201 | WizLab   | Killed a royal mummy
 46201 | WizLab   | HP: 11/250 [torment (8)]
 46256 | WizLab   | Reached skill level 17 in Fighting
 46839 | Elf:2    | Found a runed translucent gate.
 46839 | Elf:2    | Found a runed translucent gate.
 46856 | Elf:2    | Found a runed translucent gate.
 46914 | Elf:2    | Received a gift from Trog
 48663 | Vaults:1 | Received a gift from Trog
 49276 | Vaults:1 | Identified the +0 chain mail "Emmeewno" {Rampage Int-4
                  | Dex+3 Slay+5}
 49408 | Vaults:1 | Reached skill level 15 in Armour
 49408 | Vaults:1 | Reached skill level 15 in Dodging
 49691 | Vaults:1 | Reached XP level 21. HP: 176/176 MP: 35/35
 50362 | Vaults:2 | Received a gift from Trog
 50694 | Vaults:2 | Reached skill level 18 in Fighting
 50713 | Vaults:2 | Found a staircase to the Crypt.
 51503 | Vaults:2 | Paralysed by a formless jellyfish for 1 turns
 52062 | Vaults:2 | Identified the +1 ring mail of Elyvilon's Castigation
                  | {Rampage rF+ Will- SInv}
 52263 | Vaults:3 | Received a gift from Trog
 52937 | Vaults:3 | Noticed Bai Suzhen
 52959 | Vaults:3 | Killed Bai Suzhen
 53095 | Vaults:3 | Reached skill level 15 in Short Blades
 53095 | Vaults:3 | Reached skill level 15 in Long Blades
 53095 | Vaults:3 | Reached skill level 15 in Maces & Flails
 53095 | Vaults:3 | Reached skill level 15 in Polearms
 53095 | Vaults:3 | Reached skill level 15 in Staves
 53095 | Vaults:3 | Reached skill level 15 in Ranged Weapons
 53095 | Vaults:3 | Reached skill level 15 in Throwing
 53095 | Vaults:3 | Reached skill level 15 in Stealth
 53095 | Vaults:3 | Reached skill level 15 in Shields
 53095 | Vaults:3 | Reached skill level 15 in Unarmed Combat
 53095 | Vaults:3 | Reached skill level 15 in Spellcasting
 53095 | Vaults:3 | Reached skill level 15 in Evocations
 53276 | Vaults:3 | Reached XP level 22. HP: 181/181 MP: 36/36
 53659 | Vaults:4 | Found a portal to a secret trove of treasure.
 54340 | Vaults:4 | Reached skill level 19 in Fighting
 54410 | Vaults:4 | Found Nasoak's Weapon Emporium.
 54845 | Vaults:4 | Identified the +4 great sword of Resourcefulness {heavy,
                  | *Rage rF+ Dex+3}
 55100 | Vaults:5 | Entered Level 5 of the Vaults
 55432 | Vaults:5 | Noticed Frederick
 55449 | Vaults:5 | Killed Frederick
 55449 | Vaults:5 | Received a gift from Trog
 55802 | Vaults:5 | Noticed a dread lich
 55817 | Vaults:5 | Killed a dread lich
 55897 | Vaults:5 | Got a silver rune of Zot
 55954 | Vaults:5 | Identified the ring of Nimiv {Fly Str+2}
 56231 | Vaults:5 | Identified the +2 robe of Foolhardiness {Will+}
 56254 | Abyss:2  | Cast into level 2 of the Abyss (hell knight)
 56989 | Vaults:5 | Escaped the Abyss
 56995 | Vaults:5 | Noticed Margery
 57003 | Vaults:5 | Reached XP level 23. HP: 174/196 MP: 38/38
 57006 | Vaults:5 | Killed Margery
 57663 | Vaults:5 | Identified the +6 spear of Nuyti {holy, rF- Str+4}
 57722 | Vaults:5 | Reached skill level 20 in Fighting
 57729 | Vaults:5 | HP: 13/294 [poisoned by an ogre mage]
 57730 | Vaults:5 | HP: 3/294 [vault guard/+0 battleaxe (9)]
 57732 | Vaults:5 | Succumbed to an ogre mage's poison

Illustrated notes

Levels and vault maps discovered:
D:1:      matt_arrival_refuge, layout_basic, minmay_pentomino_x4
D:2:      layout_loops_ring, serial_shops, nicolae_shop_tiny_waterfront,
          nicolae_diamond_shop, dreamdust_ecumenical_altar_angels_and_demons,
          minivault_25, pf_guarded_unrand_delatra, uniq_crazy_yiuf_cottage
D:3:      layout_rooms
D:4:      layout_loops_ring, kennysheep_vampire_church, serial_shops, shop,
          eino_small_chamber_without_monster, nicolae_goblin_pals, uniq_natasha
D:5:      layout_loops_corners, fedhas_bush_and_centaur_altar,
          minmay_temple_entry_antechambers
D:6:      layout_cave_pools, minmay_diced_spiral, uniq_pikel
D:7:      layout_gridville, old_standard_altar, nicolae_figureground_pulse
D:8:      black_bear_nest_1, layout_layer_cave, enter_bailey_6
D:9:      nzn_winding_woodlands_cross [nzn_winding_woodlands_5x15_concentric,
          nzn_winding_woodlands_5x15_cabin,
          nzn_winding_woodlands_5x15_split_checker,
          nzn_winding_woodlands_5x15_crooked,
          nzn_winding_woodlands_15x15_eel_pit], layout_cave_pools,
          serial_rivers, chequers_serial_rivers_micro_b,
          chequers_serial_rivers_micro_d, chequers_serial_rivers_large_a,
          chequers_serial_rivers_room_b, chequers_serial_rivers_room_a,
          chequers_serial_rivers_large_b
D:10:     layout_small_grid, mainiacjoe_overflow_cross_hatched,
          grunt_temple_overflow_diamond, david_orc_2
D:11:     minmay_the_grid_net [minmay_the_grid_rooms,
          minmay_the_grid_broken_lines, minmay_the_grid_box_x,
          minmay_the_grid_slots, minmay_the_grid_eight,
          minmay_the_grid_prize_inner_circle], layout_gridville,
          dpeg_oklobed_lair
D:12:     minmay_inside_and_out, layout_loops_corners, uniq_psyche
D:13:     hellmonk_crumbling_castle, layout_gridville, gauntlet_entry_generic,
          serial_shops, shop, nicolae_splish_splash
D:14:     layout_basic, erik_vaults_2, minmay_misc_feat_hallway, uniq_frances
D:15:     hangedman_depths_entry_try_elsewhere_first, layout_stronghold,
          minmay_splitting_lines, serial_shops, nicolae_diamond_shop,
          nicolae_uskayaw_suspiria, uniq_nessos
Lair:1:   layout_chaotic_city
Lair:2:   layout_roguey, skrybe_swamp_entry_bodies,
          nicolae_spider_entry_lesser_pyramids, guppyfry_lair_drakes
Lair:3:   layout_chaotic_city, serial_bayou_shore_b
Lair:4:   layout_regular_city, slime_entry_1, lemuel_fruit_fields
Lair:5:   hellmonk_lair_end_abyssal_woods, layout_misc_corridors,
          portal_ice_cave_entry_ice_simulacra, patterned_corridor
Swamp:1:  gammafunk_mikee_crab_dinner, layout_basic_swamp,
          nicolae_swamp_treefoil, nicolae_swamp_soggy_hallways
Swamp:2:  layout_basic_swamp, evilmike_swamp_ruin_rubble_2, swamp_pool_1_2,
          beargit_elvish_explorers
Swamp:3:  layout_basic_swamp, evilmike_swamp_ruin_house_2, uniq_louise
Swamp:4:  swamp, layout_basic_swamp, uniq_aizul
Spider:1: lemuel_spider_zombies, nicolae_spider_solar_radiation
Spider:2: layout_spider_delve, spiders_nest_hornet_nest
Spider:3: layout_spider_delve, guppyfry_spider_mini_2
Spider:4: grunt_spider_rune_parallel, worms_lemuel, uniq_kirke, uniq_arachne
Orc:1:    layout_diamond_mine, uniq_snorg
Orc:2:    hellmonk_orc_salted, layout_diamond_mine, special_room,
          nicolae_orc_lava_tube, nicolae_shop_self_help
Elf:1:    eino_elf_arrival_shootout, layout_gridlike, serial_shops, shop,
          hangedman_corner_corridor, grunt_ministairs_5
Elf:2:    nicolae_elf_blades_splatter_lattice [nicolae_blade_entry_pointy_end],
          layout_geoelf_octagon, serial_shops, shop, mu_enter_wizlab_2
Vaults:1: hangedman_vaults_corner_blocks, nicolae_vaults_trapezoid_layered,
          ontoclasm_vaults_decontamination, ontoclasm_vaults_gallery, v_misc_5,
          nicolae_vaults_six-pack, nicolae_vaults_storage_room_doors,
          serial_ice_h, nicolae_vaults_wine_cellar,
          nicolae_vaults_sealed_display, layout_vaults_omnicross
Vaults:2: nicolae_vaults_sightless_eye, v_alt_pattern_1,
          nicolae_vaults_offset_grid_hallway_1,
          minmay_crypt_entry_simple_sparse, nicolae_vaults_wrenched, v_rooms_2,
          st_hourglassy, v_misc_23, layout_vaults_big_room
Vaults:3: dpeg_vaults_monster_box, vaults_dpeg_diagonal, v_alt_pattern_3,
          vaults_room_pools, nicolae_vaults_corridor_and_loot_room,
          nicolae_vaults_closet_pinwheel_5, vaults_room_corners,
          nicolae_vaults_house_2, nicolae_vaults_two_Ls,
          ontoclasm_vaults_loading_screen, nicolae_vaults_tetromino_Z_1,
          layout_vaults_maze_snakey, uniq_bai_suzhen
Vaults:4: nicolae_vaults_border_crossing, nicolae_vaults_variable_pillar_hall,
          nicolae_vaults_closet_pinwheel_5,
          nicolae_vaults_taking_the_gang_shopping, v_alt_pattern_2,
          vaults_room_corners, nicolae_vaults_yaktaur_gun_rack,
          layout_vaults_quadrants, enter_trove_6
Vaults:5: uniq_margery, uniq_frederick

Skill      XL: |  1  2  3  4  5  6  7  8  9 10 11 12 13 14 15 16 17 18 19 20 21 22 23 |
---------------+----------------------------------------------------------------------+-----
Invocations    | 1 2 3 4 5 6 7 8 9 10 11 12 13 14 15 16 17 | 17.2
Short Blades   | 1 2 4 5 6 8 9 10 11 12 13 14 15 | 15.9
Long Blades    | 1 2 4 5 6 8 9 10 11 12 13 14 15 | 15.9
Maces & Flails | 1 2 4 5 6 8 9 10 11 12 13 14 15 | 15.9
Polearms       | 1 2 4 5 6 8 9 10 11 12 13 14 15 | 15.9
Staves         | 1 2 4 5 6 8 9 10 11 12 13 14 15 | 15.9
Ranged Weapons | 1 2 4 5 6 8 9 10 11 12 13 14 15 | 15.9
Throwing       | 1 2 4 5 6 8 9 10 11 12 13 14 15 | 15.9
Stealth        | 1 2 4 5 6 8 9 10 11 12 13 14 15 | 15.9
Shields        | 1 2 4 5 6 8 9 10 11 12 13 14 15 | 15.9
Unarmed Combat | 1 2 4 5 6 8 9 10 11 12 13 14 15 | 15.9
Spellcasting   | 1 2 4 5 6 8 9 10 11 12 13 14 15 | 15.9
Evocations     | 1 2 4 5 6 8 9 10 11 12 13 14 15 | 15.9
Conjurations   | 1 2 3 4 5 6 7 8 9 10 11 12 13 | 13.5
Hexes          | 1 2 3 4 5 6 7 8 9 10 11 12 13 | 13.5
Summonings     | 1 2 3 4 5 6 7 8 9 10 11 12 13 | 13.5
Necromancy     | 1 2 3 4 5 6 7 8 9 10 11 12 13 | 13.5
Translocations | 1 2 3 4 5 6 7 8 9 10 11 12 13 | 13.5
Transmutations | 1 2 3 4 5 6 7 8 9 10 11 12 13 | 13.5
Fire Magic     | 1 2 3 4 5 6 7 8 9 10 11 12 13 | 13.5
Ice Magic      | 1 2 3 4 5 6 7 8 9 10 11 12 13 | 13.5
Air Magic      | 1 2 3 4 5 6 7 8 9 10 11 12 13 | 13.5
Earth Magic    | 1 2 3 4 5 6 7 8 9 10 11 12 13 | 13.5
Poison Magic   | 1 2 3 4 5 6 7 8 9 10 11 12 13 | 13.5
Shapeshifting  | 1 2 3 4 5 6 7 8 9 10 11 12 13 14 | 14.6
Armour         | 5 6 7 8 9 10 11 12 13 14 15 16 | 16.5
Dodging        | 5 6 7 8 9 10 11 12 13 14 15 16 | 16.5
Fighting       | 7 8 9 10 11 12 13 14 15 16 17 18 19 20 | 20.0
Axes           | 7 8 9 10 11 12 13 14 15 16 17 | 17.0

Action                     |  1- 3 |  4- 6 |  7- 9 | 10-12 | 13-15 | 16-18 | 19-21 | 22-24 || total
---------------------------+-------+-------+-------+-------+-------+-------+-------+-------++-------
  Melee: Hand axe          |   128 |   123 |   224 |       |       |       |       |       ||   475
         Bite              |    14 |    15 |    32 |    61 |   117 |   292 |   368 |   187 ||  1086
         Punch             |     1 |     1 |     8 |       |    32 |       |       |       ||    42
         Trident           |       |       |    12 |    13 |    17 |       |       |       ||    42
         Battleaxe         |       |       |    41 |   422 |   320 |       |       |       ||   783
         Morningstar       |       |       |       |    40 |       |   717 |  1003 |   518 ||  2278
         Great sword       |       |       |       |       |    27 |       |       |       ||    27
         Eveningstar       |       |       |       |       |   457 |    48 |       |       ||   505
         War axe           |       |       |       |       |    53 |   938 |   845 |   381 ||  2217
         Unarmed           |       |       |       |       |       |     4 |       |       ||     4
   Fire: Greatsling        |       |       |       |       |       |    12 |       |       ||    12
  Throw: Boomerang         |       |       |    13 |    12 |     4 |     2 |    59 |    32 ||   122
         Dart              |       |       |       |       |    24 |    41 |       |     1 ||    66
         Javelin           |       |       |       |       |     8 |    10 |    31 |     1 ||    50
 Invoke: Berserk           |     2 |     3 |     8 |    15 |    21 |    19 |    26 |     8 ||   102
         Trog's Hand       |       |     2 |     2 |     6 |     8 |     6 |    15 |    10 ||    49
         Brothers in Arms  |       |       |       |     3 |     1 |     1 |     2 |     3 ||    10
  Evoke: Wand              |       |       |       |     3 |     2 |    10 |     6 |     1 ||    22
         Lightning rod     |       |       |       |       |       |     4 |       |       ||     4
         Sack of spiders   |       |       |       |       |       |       |     1 |     1 ||     2
         Condenser vane    |       |       |       |       |       |       |       |     1 ||     1
    Use: Scroll            |       |       |    17 |     7 |     8 |     4 |     5 |     2 ||    43
         Potion            |       |       |       |       |     1 |     8 |     6 |     2 ||    17
   Stab: Sleeping          |     2 |     1 |     5 |    10 |     4 |       |       |       ||    22
         Distracted        |       |       |       |     4 |       |       |       |     2 ||     6
         Petrified         |       |       |       |       |     4 |       |       |       ||     4
         Petrifying        |       |       |       |       |     2 |       |       |       ||     2
         Confused          |       |       |       |       |       |       |     1 |       ||     1
 Armour: Animal skin       |    32 |       |       |       |       |       |       |       ||    32
         Scale mail        |     7 |    13 |       |       |       |       |       |       ||    20
         Chain mail        |       |    20 |       |       |       |       |       |       ||    20
         Ring mail         |       |    39 |   184 |   548 |   419 |       |       |       ||  1190
         Gold dragon scale |       |       |       |       |   634 |  1470 |  1481 |   464 ||  4049
         Skin              |       |       |       |       |       |       |     3 |       ||     3
  Dodge: Dodged            |    78 |    76 |   211 |   565 |   843 |   616 |   645 |   226 ||  3260
  Block: Buckler           |       |       |       |       |    64 |       |       |       ||    64
         Kite shield       |       |       |       |       |    18 |   307 |       |       ||   325
         Tower shield      |       |       |       |       |       |  1251 |  1464 |   591 ||  3306

Table legend: (Time is in decaauts)
 A = Elapsed time spent in this place.
 B = Non-inter-level travel time spent in this place.
 C = Inter-level travel time spent in this place.
 D = Time resting spent in this place.
 E = Time spent auto-exploring this place.
 F = Levels seen in this place.
 G = Mean time per level.
                   A        B        C        D        E       F      G
               +--------+--------+--------+--------+--------+-----+--------+
         Total |  58084 |  53321 |   4763 |  10225 |  30688 |  42 | 1383.0 |
       Dungeon |  20755 |  18362 |   2393 |   2684 |  12254 |  15 | 1383.7 |
          Lair |   7512 |   6804 |    708 |   1291 |   4164 |   5 | 1502.4 |
         Swamp |   5156 |   4934 |    222 |   1179 |   2515 |   4 | 1289.0 |
   Spider Nest |   7375 |   6885 |    490 |   1377 |   3841 |   4 | 1843.8 |
  Orcish Mines |   2304 |   1867 |    437 |    363 |   1143 |   2 | 1152.0 |
   Elven Halls |   3201 |   2970 |    231 |    453 |   1849 |   2 | 1600.5 |
        Vaults |   7946 |   7667 |    279 |   1810 |   3600 |   5 | 1589.2 |
         Abyss |    714 |    714 |      0 |    389 |    150 |   1 |  714.0 |
        Bailey |    733 |    733 |      0 |    238 |    160 |   1 |  733.0 |
      Ice Cave |   1256 |   1256 |      0 |    153 |    701 |   1 | 1256.0 |
        Wizlab |    644 |    644 |      0 |    219 |     60 |   1 |  644.0 |
      Gauntlet |    483 |    483 |      0 |     64 |    248 |   1 |  483.0 |
               +--------+--------+--------+--------+--------+-----+--------+

Top non-repeatable levels by time:
Spider:2: 2842 daAuts
    D:11: 2498 daAuts
Spider:4: 2054 daAuts
Vaults:2: 1981 daAuts
    D:12: 1927 daAuts
     D:4: 1800 daAuts
Vaults:5: 1780 daAuts
   Elf:2: 1705 daAuts
  Lair:5: 1660 daAuts
  Lair:4: 1659 daAuts
    D:10: 1617 daAuts
  Lair:1: 1613 daAuts
 Swamp:1: 1560 daAuts
Vaults:4: 1539 daAuts
   Elf:1: 1495 daAuts
